 Dungeon Sprint DCSS version 0.31-a0-369-g8eba5f6939 (webtiles) character file.

Game seed: 12116704276637689873

968 rocky1 the Covert (level 8, -4/45 HPs)
             Began as a Vine Stalker Brigand on July 28, 2023.
             Was an Initiate of Dithmenos.
             Slain by a deep troll (5 damage)
             ... in the Dungeon (Sprint I: "Red Sonja").
             The game lasted 00:03:35 (959 turns).

rocky1 the Covert (Vine Stalker Brigand)             Turns: 959, Time: 00:03:36

Health: -4/45      AC:  4    Str: 14    XL:     8   Next: 15%
Magic:  0/18       EV: 14    Int: 11    God:    Dithmenos [......]
Gold:   594        SH:  0    Dex: 18    Spells: 19/19 levels left

rFire   . . .        o - +2 dagger (venom)
rCold   + . .        (no shield)
rNeg    . . .        l - +0 leather armour
rPois   .            (no helmet)
rElec   .            c - +0 cloak
rCorr   .            (no gloves)
SInv    .            (no boots)
Will    +....        (no amulet)
Stlth   +++++        p - ring of protection from cold
HPRegen 1.07/turn    (no ring)
MPRegen 0.16/turn

%: no teleportation, guardian spirit
@: no status effects
A: fangs 3, regeneration 1, magic shield, antimagic bite, no potion heal 2
a: Renounce Religion


You were in the Dungeon.
You worshipped Dithmenos.
Dithmenos was noncommittal.
You visited 1 branch You collected 594 gold pieces.

Inventory:

Hand Weapons
 a - a +2 dagger
 o - a +2 dagger of venom (weapon)
Missiles
 d - 9 poisoned darts
 k - 6 curare-tipped darts (quivered)
Armour
 b - a +0 robe
 c - a +0 cloak (worn)
 l - a +0 leather armour (worn)
Jewellery
 p - a ring of protection from cold (left hand)
Wands
 e - a wand of paralysis (4)
 n - a wand of flame (22)
Scrolls
 j - a scroll of blinking
Potions
 f - 3 potions of curing
 g - a potion of haste
 h - 2 potions of magic
 i - a potion of berserk rage
 m - a potion of heal wounds {unknown}


   Skills:
 + Level 6.6 Fighting
 + Level 6.6 Short Blades
 - Level 1.7 Throwing
 + Level 3.6 Armour
 + Level 5.7 Dodging
 * Level 13.5 Stealth
 + Level 6.2 Spellcasting


You had 19 spell levels left.
You didn't know any spells.
Your spell library was empty.

Dungeon Overview and Level Annotations

Branches:
Dungeon (1/1)

Altars:
Cheibriados
Dithmenos
Elyvilon
Fedhas
Gozag
Hepliaklqana
Kikubaaqudgha
Nemelex Xobeh
Okawaru
Qazlal
Ru
Sif Muna
Trog
Uskayaw
Vehumet
Wu Jian
Yredelemnul
Zin
The Shining One

Shops:
D (:


Innate Abilities, Weirdness & Mutations

You have razor-sharp teeth.
Your natural rate of healing is unusually fast.
When hurt, damage is shared between your health and your magic reserves.
Your bite disrupts and absorbs the magic of your enemies.
Potions cannot restore your health.


Message History

You now have 432 gold pieces (gained 27).
f - 2 potions of curing (gained 1)
You now have 459 gold pieces (gained 27).
You now have 486 gold pieces (gained 27).
You now have 513 gold pieces (gained 27).
p - a ring of protection from cold You see here a +0 spear.
You see here a +0 short sword.
You now have 540 gold pieces (gained 27).
You now have 567 gold pieces (gained 27).
You now have 594 gold pieces (gained 27).
f - 3 potions of curing (gained 1)
p - a ring of protection from cold (left hand)
There is an open door here.
You open the door.
A deep troll comes into view.
Found 108 gold pieces.
There is an open door here.
The deep troll shouts!
You see here 27 gold pieces.
You closely miss the deep troll. You bite the deep troll! You drain its power.
The deep troll is lightly wounded.
You hit the deep troll.
The deep troll is poisoned.
You bite the deep troll. You drain its power.
The deep troll is moderately wounded.
The deep troll bites you!! The deep troll closely misses you.
The deep troll claws you!
You hit the deep troll but do no damage.
The deep troll looks as sick as possible!
Your bite misses the deep troll.
The deep troll is moderately wounded.
The deep troll barely misses you. The deep troll claws you!
The deep troll claws you.
* * * LOW HITPOINT WARNING * * *
There is an open door here.
The deep troll attacks as you move away!
The deep troll bites you!
* * * LOW HITPOINT WARNING * * *
The deep troll claws you.
You die...

#..#####'#####'#
#..####..#...#.#
#..#__####..##[#
#..#_____##'#_.+
#⌠⌠#_.∩..†'..._#
####_..__##_.#'#
#_____###'#)#
############.####+###
#∩........'...@T$.$$+
###++++####...#######
###.### #.#'#.#
#.....# #..)).#
#######


You could see a deep troll (extremely poisoned).

Vanquished Creatures
  Sonja (D)
  Sigmund (D)
  A yak (D)
  An ogre (D)
  A jelly (D)
  Ijyb (D)
  A ballistomycete spore (D)
7 creatures vanquished.

Vanquished Creatures (others)
  A ballistomycete spore (D)
1 creature vanquished.

Grand Total: 8 creatures vanquished

Notes
Turn   | Place    | Note
-------+----------+-------------------------------------------
     0 | D        | rocky1 the Vine Stalker Brigand began the quest for the
                  | Orb.
     0 | D        | Reached XP level 1. HP: 11/11 MP: 2/2
     2 | D        | Noticed Ijyb
     8 | D        | Paralysed by Ijyb for 4 turns
    11 | D        | Killed Ijyb
    12 | D        | Reached skill level 6 in Stealth
    12 | D        | Reached XP level 2. HP: 9/16 MP: 3/3
    12 | D        | Reached XP level 3. HP: 11/19 MP: 4/4
   247 | D        | Noticed an ogre
   250 | D        | Killed an ogre
   251 | D        | Reached skill level 8 in Stealth
   251 | D        | Gained mutation: Your natural rate of healing is unusually
                  | fast. [Vine Stalker growth]
   251 | D        | Reached XP level 4. HP: 25/25 MP: 4/8
   388 | D        | Noticed Sigmund
   394 | D        | Killed Sigmund
   395 | D        | Reached skill level 5 in Fighting
   395 | D        | Reached skill level 5 in Short Blades
   395 | D        | Reached skill level 10 in Stealth
   395 | D        | Reached XP level 5. HP: 18/30 MP: 3/12
   395 | D        | Reached XP level 6. HP: 21/35 MP: 3/13
   481 | D        | Found an ornate altar of the Wu Jian Council.
   481 | D        | Found a shimmering blue altar of Sif Muna.
   483 | D        | Found a radiant altar of Vehumet.
   596 | D        | Found Cyt Agh's Book Emporium.
   596 | D        | Found an ancient bone altar of Kikubaaqudgha.
   596 | D        | Found a hazy altar of Hepliaklqana.
   596 | D        | Found a stormy altar of Qazlal.
   596 | D        | Found a hide-covered altar of Uskayaw.
   596 | D        | Found a blossoming altar of Fedhas.
   596 | D        | Found a bloodstained altar of Trog.
   596 | D        | Found an iron altar of Okawaru.
   596 | D        | Found a basalt altar of Yredelemnul.
   596 | D        | Found a glowing golden altar of the Shining One.
   596 | D        | Found a snail-covered altar of Cheibriados.
   596 | D        | Found a sacrificial altar of Ru.
   596 | D        | Found a glowing silver altar of Zin.
   596 | D        | Found a shadowy altar of Dithmenos.
   596 | D        | Found a white marble altar of Elyvilon.
   596 | D        | Noticed a yak
   597 | D        | Found an opulent altar of Gozag.
   598 | D        | Killed a yak
   599 | D        | Reached skill level 11 in Stealth
   599 | D        | Found a sparkling altar of Nemelex Xobeh.
   619 | D        | Became a worshipper of Dithmenos the Shadowed
   635 | D        | Noticed Sonja
   650 | D        | Killed Sonja
   651 | D        | Reached skill level 5 in Dodging
   651 | D        | Reached skill level 13 in Stealth
   651 | D        | Reached XP level 7. HP: 22/41 MP: 14/17
   651 | D        | Gained mutation: You have razor-sharp teeth. [Vine Stalker
                  | growth]
   651 | D        | Reached XP level 8. HP: 24/45 MP: 14/18
   785 | D        | Found Houpot's Antique Weapon Boutique.
   952 | D        | Noticed a deep troll
   959 | D        | HP: 1/45 [deep troll (12)]
   959 | D        | Slain by a deep troll

Illustrated notes

Levels and vault maps discovered:
D:        dungeon_sprint_1 [red_sonja_temple_1, red_sonja_temple_small_1]

Skill      XL: |  1  2  3  4  5  6 |
---------------+-------------------+-----
Fighting       | 2 3 5 6 |  6.6
Short Blades   | 2 3 5 6 |  6.6
Dodging        | 2 3 4 5 |  5.7
Stealth        | 6 8 10 13 | 13.5
Spellcasting   | 2 4 6 |  6.2
Armour         | 3 |  3.6
Throwing       | |  1.7

Action                     |  1- 3 |  4- 6 |  7- 9 || total
---------------------------+-------+-------+-------++-------
  Melee: Dagger            |     2 |    18 |     4 ||    24
         Bite              |       |     1 |     2 ||     3
  Throw: Dart              |     3 |     2 |       ||     5
  Evoke: Wand              |     1 |     5 |       ||     6
   Stab: Paralysed         |     1 |     1 |       ||     2
         Sleeping          |       |     1 |       ||     1
 Armour: Robe              |     1 |       |       ||     1
         Leather armour    |       |     2 |       ||     2
  Dodge: Dodged            |       |     4 |     2 ||     6

Table legend: (Time is in decaauts)
 A = Elapsed time spent in this place.
 B = Non-inter-level travel time spent in this place.
 C = Inter-level travel time spent in this place.
 D = Time resting spent in this place.
 E = Time spent auto-exploring this place.
 F = Levels seen in this place.
 G = Mean time per level.
                   A        B        C        D        E       F      G
               +--------+--------+--------+--------+--------+-----+--------+
         Total |    951 |    951 |      0 |    686 |      0 |   1 |  951.0 |
       Dungeon |    951 |    951 |      0 |    686 |      0 |   1 |  951.0 |
               +--------+--------+--------+--------+--------+-----+--------+

Top non-repeatable levels by time:
       D: 951 daAuts
